Oilers vs Islanders
Created - January 24, 2025 at 20:08
Goals
|
| Oilers |
0 |
2 |
2 |
0 |
2 |
5 |
| Islanders |
1 |
1 |
2 |
0 |
0 |
4 |
|
Shots
|
| Oilers |
12 |
15 |
14 |
0 |
3 |
41 |
| Islanders |
5 |
13 |
15 |
1 |
2 |
34 |
|
1st period
1. Islanders , Vladimir Tarasenko 19 (Brayden Schenn 27, Brock McGinn 15) at 0:12
Penalties :
Brayden Schenn (NyI) for Hooking (Minor) at 12:10, Brandon Sutter (NyI) for Holding (Minor) at 18:26
2nd period
2. Oilers , Jamie Benn 9 (Mitch Marner 18) at 0:33
3. Oilers , Connor McDavid 18 (Brent Burns 8, Brett Lernout 5) at 3:38
4. Islanders , Garnet Hathaway 7 (Michael Latta 5) at 14:52
Penalties :
Brian Ferlin (NyI) for Roughing (Minor) at 9:09, Brayden Schenn (NyI) for Boarding (Minor) at 15:59, Brock McGinn (NyI) for High sticking (Minor) at 19:19
3rd period
5. Oilers , Leon Draisaitl 14 (Connor McDavid 27, Jaroslav Halak) at 9:22 (PP)
6. Oilers , Mitch Marner 17 (Jamie McBain 17, Jaroslav Halak) at 10:22 (PP)
7. Islanders , Brayden Schenn 14 (Brock McGinn 16, Vladimir Tarasenko 23) at 10:37
8. Islanders , Vladimir Tarasenko 20 (Brayden Schenn 28, Brock McGinn 17) at 19:07
Penalties :
Yann Sauvé (NyI) for Tripping (Minor) at 9:08, Brock McGinn (NyI) for Holding Stick (Minor) at 9:46, Michael Latta (NyI) for Interference (Minor) at 15:59
Overtime #1
No Goal
Penalties :
No Penalty
Shootout
Oilers, Connor McDavid - Stopped by Tyler Weiman
Islanders, Vladimir Tarasenko - Stopped by Jaroslav Halak
Oilers, Nikita Kucherov - Goal!
Islanders, Brayden Schenn - Stopped by Jaroslav Halak
Oilers, Tyler Johnson - Goal!
Penalties :
No Penalty
Goalie Stats
Jaroslav Halak (Edm), 30 saves from 34 shots - (0.882), W, 5-3-0, 65:00 minutes
Tyler Weiman (NyI), 37 saves from 41 shots - (0.902), OTL, 15-10-2, 64:42 minutes
Players Stats for Oilers
Player Name G A P +/- PIM S H SB GA TA FO MP PP MP PK MP
------------------------------------------------------------------------------------
Andrew Mangiapane 0 0 0 0 0 2 0 0 0 0 1/1 12:07 0:24 0:00
Anton Slepyshev 0 0 0 0 0 3 4 0 0 0 0/1 12:07 0:24 0:00
Brent Burns 0 1 1 -1 0 2 0 0 0 0 0/0 11:01 0:33 0:00
Brent Seabrook 0 0 0 0 0 0 0 0 0 0 0/0 21:22 5:36 0:00
Brett Lernout 0 1 1 -1 0 1 0 0 0 0 0/0 11:01 0:33 0:00
Christian Fischer 0 0 0 -1 0 1 0 0 0 0 0/0 6:35 0:00 0:00
Connor McDavid 1 1 2 -1 0 3 0 0 2 0 16/38 25:23 7:20 0:00
Darnell Nurse 0 0 0 -1 0 3 2 0 0 1 0/0 30:55 6:35 0:00
Frederik Gauthier 0 0 0 0 0 2 0 1 3 1 3/5 13:13 0:27 0:00
Jamie Benn 1 0 1 0 0 6 2 2 0 0 2/2 18:03 4:57 0:00
Jamie McBain 0 1 1 -1 0 2 1 3 0 1 0/0 30:06 6:35 0:00
Jason Robertson 0 0 0 -1 0 1 0 0 0 0 0/0 6:35 0:00 0:00
Leon Draisaitl 1 0 1 -1 0 3 1 0 1 1 3/5 24:58 7:20 0:00
Marcus Pettersson 0 0 0 0 0 0 3 2 0 0 0/0 20:35 5:36 0:00
Mitch Marner 1 1 2 0 0 7 0 0 0 0 1/1 19:09 5:00 0:00
Nikita Kucherov 0 0 0 -1 0 2 3 0 0 0 1/1 25:23 7:20 0:00
Noel Acciari 0 0 0 -1 0 1 0 0 1 0 1/1 6:35 0:00 0:00
Tyler Johnson 0 0 0 0 0 2 0 0 0 0 9/19 19:52 5:00 0:00
Players Stats for Islanders
Player Name G A P +/- PIM S H SB GA TA FO MP PP MP PK MP
------------------------------------------------------------------------------------
Brady Skjei 0 0 0 1 0 6 4 2 0 1 0/0 32:26 0:00 7:33
Brandon Sutter 0 0 0 -1 2 2 3 0 0 0 6/14 19:49 0:00 3:54
Brayden Schenn 1 2 3 2 4 4 1 0 0 1 19/29 23:16 0:00 4:41
Brian Ferlin 0 0 0 0 2 1 0 0 0 0 0/0 6:38 0:00 0:00
Brock McGinn 0 3 3 1 4 3 2 1 0 2 0/2 21:48 0:00 3:30
Dylan McIlrath 0 0 0 0 0 0 1 0 0 0 0/0 11:15 0:00 0:13
Emerson Etem 0 0 0 0 0 1 0 1 0 0 0/2 15:27 0:00 1:30
Gabriel Carlsson 0 0 0 0 0 1 0 0 0 1 0/0 11:52 0:00 0:50
Garnet Hathaway 1 0 1 0 0 2 1 0 0 1 1/1 14:06 0:00 3:34
Jamie Arniel 0 0 0 0 0 0 0 1 0 0 1/4 7:31 0:00 0:50
Jason Akeson 0 0 0 0 0 1 0 0 0 0 0/0 14:41 0:00 0:00
Jordan Greenway 0 0 0 0 0 0 2 0 0 0 0/0 7:06 0:00 0:32
Michael Latta 0 1 1 1 2 4 2 0 0 0 2/6 11:15 0:00 0:07
Nikita Zadorov 0 0 0 1 0 0 2 2 2 0 0/0 18:15 0:00 4:35
Ryan Ellis 0 0 0 1 0 2 3 3 2 0 0/0 32:28 0:00 7:33
Sergei Plotnikov 0 0 0 1 0 0 2 0 0 1 0/1 10:15 0:00 0:00
Vladimir Tarasenko 2 1 3 2 0 7 1 0 0 0 8/15 25:17 0:00 6:50
Yann Sauvé 0 0 0 1 2 0 1 1 0 0 0/0 18:43 0:00 4:44
3 Stars
1 - Vladimir Tarasenko (NyI)
2 - Brayden Schenn (NyI)
3 - Mitch Marner (Edm)
Power Play
Oilers - 2 on 8 Attempt(s) - 25.00%
Islanders - 0 on 0 Attempt(s) - 0.00%
Penalty Kill
Oilers - 0 on 0 Attempt(s) - 0.00%
- Score 0 goal in Penalty Kill
Islanders - 6 on 8 Attempt(s) - 75.00%
- Score 0 goal in Penalty Kill
Team Stat
Oilers - Hits : 16 - Faceoff Wins : 37 - Blocked Shots : 8 - Penalty Minutes : 0
Islanders - Hits : 25 - Faceoff Wins : 37 - Blocked Shots : 11 - Penalty Minutes : 16
Official
Referees : Kendrick Nicholson and Dean Morton
Linesman : Derek Amell and Steve Miller
Game Notes
No Game Note
Finance
Level 1 -- Attendance: 6000 (100.00%) -- Ticket Income $600,000
Level 2 -- Attendance: 5000 (100.00%) -- Ticket Income $350,000
Level 3 -- Attendance: 2000 (100.00%) -- Ticket Income $80,000
Level 4 -- Attendance: 4000 (100.00%) -- Ticket Income $120,000
Luxury Box -- Attendance: 925 (92.50%) -- Ticket Income $185,000
Game was played at the Nassau Coliseum.
Total Attendance: 17925 (99.58%)
Total Ticket Income: $1,335,000
Other Income: $200,250
Total Income: $1,535,250
Oilers
5 vs 5 Forward
Center Left Wing Right Wing Time % Phy DF OF
1 Connor McDavid Leon Draisaitl Nikita Kucherov 35 1 2 2
2 Tyler Johnson Jamie Benn Mitch Marner 30 1 2 2
3 Frederik Gauthier Anton Slepyshev Andrew Mangiapane 25 1 2 2
4 Noel Acciari Jason Robertson Christian Fischer 10 1 2 2
5 vs 5 Defense
Defense Defense Time % Phy DF OF
1 Darnell Nurse Jamie McBain 40 1 2 2
2 Brent Seabrook Marcus Pettersson 30 1 2 2
3 Brent Burns Brett Lernout 20 1 2 2
4 Darnell Nurse Jamie McBain 10 1 2 2
PowerPlay Forward
Center Left Wing Right Wing Time % Phy DF OF
1 Connor McDavid Leon Draisaitl Nikita Kucherov 60 1 2 2
2 Tyler Johnson Jamie Benn Mitch Marner 40 1 2 2
PowerPlay Defense
Defense Defense Time % Phy DF OF
1 Darnell Nurse Jamie McBain 60 1 2 2
2 Brent Seabrook Marcus Pettersson 40 1 2 2
Penalty Kill 4 Players Forward
Center Wing Time % Phy DF OF
1 Connor McDavid Leon Draisaitl 60 1 4 0
2 Tyler Johnson Jamie Benn 40 1 4 0
Penalty Kill 4 Players Defense
Defense Defense Time % Phy DF OF
1 Darnell Nurse Jamie McBain 60 0 5 0
2 Brent Seabrook Marcus Pettersson 40 0 5 0
Penalty Kill - 3 Players Forward
Forward Time % Phy DF OF
1 Connor McDavid 60 0 5 0
2 Tyler Johnson 40 0 5 0
Penalty Kill - 3 Players Defense
Defense Defense Time % Phy DF OF
1 Darnell Nurse Jamie McBain 60 0 5 0
2 Brent Seabrook Marcus Pettersson 40 0 5 0
4 vs 4 Forward
Center Wing Time % Phy DF OF
1 Connor McDavid Leon Draisaitl 60 1 2 2
2 Tyler Johnson Jamie Benn 40 1 2 2
4 vs 4 Defense
Defense Defense Time % Phy DF OF
1 Darnell Nurse Jamie McBain 60 1 2 2
2 Brent Seabrook Marcus Pettersson 40 1 2 2
Last Minutes Offensive
Center Left Wing Right Wing Defense Defense
Connor McDavid Leon Draisaitl Nikita Kucherov Darnell Nurse Jamie McBain
Last Minutes Defensive
Center Left Wing Right Wing Defense Defense
Connor McDavid Leon Draisaitl Nikita Kucherov Darnell Nurse Jamie McBain
Goaltenders
Starting : Jaroslav Halak
Backup : Carter Hart
Extra Forwards
Normal : Mitch Marner, Frederik Gauthier, Jamie Benn - PP : Mitch Marner, Frederik Gauthier - PK : Mitch Marner
Extra Defensemen
Normal : Marcus Pettersson, Brent Burns, Brett Lernout - PP : Marcus Pettersson - PK : Marcus Pettersson, Brent Burns
Penalty Shots
Connor McDavid, Nikita Kucherov, Tyler Johnson, Leon Draisaitl, Mitch Marner
Custom OT Lines Forwards
Connor McDavid, Nikita Kucherov, Tyler Johnson, Leon Draisaitl, Mitch Marner, Frederik Gauthier, Jamie Benn, Noel Acciari, Anton Slepyshev, Andrew Mangiapane
Custom OT Lines Defensemen
Darnell Nurse, Jamie McBain, Brent Seabrook, Marcus Pettersson, Brent Burns
Scratches
Philippe Myers (Healthy)
Islanders
5 vs 5 Forward
Center Left Wing Right Wing Time % Phy DF OF
1 Brayden Schenn Brock McGinn Vladimir Tarasenko 40 1 2 2
2 Brandon Sutter Emerson Etem Jason Akeson 30 1 2 2
3 Michael Latta Sergei Plotnikov Garnet Hathaway 20 1 2 2
4 Jamie Arniel Jordan Greenway Brian Ferlin 10 1 2 2
5 vs 5 Defense
Defense Defense Time % Phy DF OF
1 Brady Skjei Ryan Ellis 40 1 2 2
2 Yann Sauvé Nikita Zadorov 30 1 2 2
3 Dylan McIlrath Gabriel Carlsson 20 1 2 2
4 Brady Skjei Ryan Ellis 10 1 2 2
PowerPlay Forward
Center Left Wing Right Wing Time % Phy DF OF
1 Brayden Schenn Brock McGinn Vladimir Tarasenko 60 1 2 2
2 Brandon Sutter Emerson Etem Jason Akeson 40 1 2 2
PowerPlay Defense
Defense Defense Time % Phy DF OF
1 Brady Skjei Ryan Ellis 60 1 2 2
2 Yann Sauvé Nikita Zadorov 40 1 2 2
Penalty Kill 4 Players Forward
Center Wing Time % Phy DF OF
1 Vladimir Tarasenko Brayden Schenn 60 1 2 2
2 Brock McGinn Brandon Sutter 40 1 2 2
Penalty Kill 4 Players Defense
Defense Defense Time % Phy DF OF
1 Brady Skjei Ryan Ellis 60 1 2 2
2 Yann Sauvé Nikita Zadorov 40 1 2 2
Penalty Kill - 3 Players Forward
Forward Time % Phy DF OF
1 Vladimir Tarasenko 60 1 2 2
2 Brayden Schenn 40 1 2 2
Penalty Kill - 3 Players Defense
Defense Defense Time % Phy DF OF
1 Brady Skjei Ryan Ellis 60 1 2 2
2 Yann Sauvé Nikita Zadorov 40 1 2 2
4 vs 4 Forward
Center Wing Time % Phy DF OF
1 Vladimir Tarasenko Brayden Schenn 60 1 2 2
2 Brock McGinn Brandon Sutter 40 1 2 2
4 vs 4 Defense
Defense Defense Time % Phy DF OF
1 Brady Skjei Ryan Ellis 60 1 2 2
2 Yann Sauvé Nikita Zadorov 40 1 2 2
Last Minutes Offensive
Center Left Wing Right Wing Defense Defense
Brayden Schenn Brock McGinn Vladimir Tarasenko Brady Skjei Ryan Ellis
Last Minutes Defensive
Center Left Wing Right Wing Defense Defense
Brayden Schenn Brock McGinn Vladimir Tarasenko Brady Skjei Ryan Ellis
Goaltenders
Starting : Tyler Weiman
Backup : Joonas Korpisalo
Extra Forwards
Normal : Michael Latta, Jamie Arniel, Garnet Hathaway - PP : Michael Latta, Jamie Arniel - PK : Garnet Hathaway
Extra Defensemen
Normal : Dylan McIlrath, Gabriel Carlsson, Yann Sauvé - PP : Dylan McIlrath - PK : Gabriel Carlsson, Yann Sauvé
Penalty Shots
Vladimir Tarasenko, Brayden Schenn, Brock McGinn, Brandon Sutter, Michael Latta
Custom OT Lines Forwards
Vladimir Tarasenko, Brayden Schenn, Brock McGinn, Brandon Sutter, Michael Latta, Jason Akeson, Jamie Arniel, Emerson Etem, Garnet Hathaway, Brian Ferlin
Custom OT Lines Defensemen
Brady Skjei, Ryan Ellis, Yann Sauvé, Nikita Zadorov, Dylan McIlrath
Scratches
Kellan Lain (Healthy), Pavel Kraskovsky (Healthy)
% Time on Ice - Oilers
Lines # - Real PCT - Wanted PCT - Time Play
Normal Forward
1 - 34% - 35% - 15:52
2 - 28% - 30% - 13:06
3 - 25% - 25% - 11:43
4 - 14% - 10% - 6:35
Normal Defense
1 - 40% - 40% - 18:55
2 - 32% - 30% - 14:59
3 - 22% - 20% - 10:28
4 - 6% - 10% - 2:54
PP Forward
1 - 61% - 60% - 7:44
2 - 39% - 40% - 5:00
PP Defense
1 - 56% - 60% - 7:08
2 - 44% - 40% - 5:36
PK Forward
1 - 0% - 60%
2 - 0% - 40%
PK Defense
1 - 0% - 60%
2 - 0% - 40%
PK3 Forward
1 - 0% - 60%
2 - 0% - 40%
PK3 Defense
1 - 0% - 60%
2 - 0% - 40%
44 Forward
1 - 0% - 60%
2 - 0% - 40%
44 Defense
1 - 0% - 60%
2 - 0% - 40%
Last Minute Offensive - 0:00
Last Minute Defensive - 0:00
Total
Forward - 60:00
Defense - 60:00
|
% Time on Ice - Islanders
Lines # - Real PCT - Wanted PCT - Time Play
Normal Forward
1 - 34% - 40% - 16:03
2 - 30% - 30% - 14:01
3 - 22% - 20% - 10:15
4 - 14% - 10% - 6:34
Normal Defense
1 - 42% - 40% - 19:43
2 - 29% - 30% - 13:40
3 - 24% - 20% - 11:02
4 - 5% - 10% - 2:28
PP Forward
1 - 0% - 60%
2 - 0% - 40%
PP Defense
1 - 0% - 60%
2 - 0% - 40%
PK Forward
1 - 74% - 60% - 9:24
2 - 26% - 40% - 3:20
PK Defense
1 - 59% - 60% - 7:33
2 - 41% - 40% - 5:11
PK3 Forward
1 - 0% - 60%
2 - 0% - 40%
PK3 Defense
1 - 0% - 60%
2 - 0% - 40%
44 Forward
1 - 0% - 60%
2 - 0% - 40%
44 Defense
1 - 0% - 60%
2 - 0% - 40%
Last Minute Offensive - 0:23
Last Minute Defensive - 0:00
Total
Forward - 60:00
Defense - 60:00
|
Play-by-Play
1st period
0:01 of 1st period - Brayden Schenn wins face-off versus Connor McDavid in neutral zone.
0:12 of 1st period - Snap shot by Vladimir Tarasenko.
0:12 of 1st period - Goal by Vladimir Tarasenko - Oilers : 0 - Islanders : 1.
0:13 of 1st period - Tyler Johnson wins face-off versus Emerson Etem in neutral zone.
1:02 of 1st period - Off-side.
1:03 of 1st period - Connor McDavid wins face-off versus Brayden Schenn in neutral zone.
1:30 of 1st period - Noel Acciari is hit by Jordan Greenway and loses puck.
1:55 of 1st period - Snap shot by Mitch Marner.
1:55 of 1st period - Stopped by Tyler Weiman without a rebound.
1:56 of 1st period - Brayden Schenn wins face-off versus Frederik Gauthier in Islanders zone.
2:00 of 1st period - Off-side.
2:01 of 1st period - Brayden Schenn wins face-off versus Anton Slepyshev in neutral zone.
3:35 of 1st period - Off-side.
3:36 of 1st period - Frederik Gauthier wins face-off versus Brayden Schenn in neutral zone.
3:53 of 1st period - Snap shot by Darnell Nurse.
3:53 of 1st period - Deflect By Andrew Mangiapane.
3:53 of 1st period - Stopped by Tyler Weiman with a rebound.
3:55 of 1st period - Slapshot by Frederik Gauthier.
3:55 of 1st period - Shot Misses the Net.
4:13 of 1st period - Slapshot by Frederik Gauthier.
4:13 of 1st period - Shot Misses the Net.
4:15 of 1st period - Snap shot by Andrew Mangiapane.
4:15 of 1st period - Shot Misses the Net.
4:17 of 1st period - Slapshot by Brent Burns.
4:17 of 1st period - Stopped by Tyler Weiman without a rebound.
4:18 of 1st period - Leon Draisaitl wins face-off versus Brandon Sutter in Islanders zone.
4:25 of 1st period - Ryan Ellis is hit by Nikita Kucherov and loses puck.
4:49 of 1st period - Snap shot by Tyler Johnson.
4:49 of 1st period - Shot Misses the Net.
4:51 of 1st period - Snap shot by Jamie Benn.
4:51 of 1st period - Stopped by Tyler Weiman with a rebound.
4:53 of 1st period - Slapshot by Brett Lernout.
4:53 of 1st period - Stopped by Tyler Weiman without a rebound.
4:54 of 1st period - Connor McDavid wins face-off versus Brayden Schenn in Islanders zone.
6:05 of 1st period - Brady Skjei is hit by Anton Slepyshev and loses puck.
6:12 of 1st period - Snap shot by Garnet Hathaway.
6:12 of 1st period - Stopped by Jaroslav Halak with a rebound.
6:30 of 1st period - Snap shot by Brayden Schenn.
6:30 of 1st period - Stopped by Jaroslav Halak without a rebound.
6:31 of 1st period - Connor McDavid wins face-off versus Brandon Sutter in Oilers zone.
6:46 of 1st period - Backhand shot by Nikita Kucherov.
6:46 of 1st period - Shot Misses the Net.
8:09 of 1st period - Snap shot by Nikita Kucherov.
8:09 of 1st period - Stopped by Tyler Weiman with a rebound.
8:11 of 1st period - Slapshot by Leon Draisaitl.
8:11 of 1st period - Shot Misses the Net.
8:55 of 1st period - Icing by Gabriel Carlsson.
8:56 of 1st period - Jamie Arniel wins face-off versus Frederik Gauthier in Islanders zone.
9:12 of 1st period - Off-side.
9:13 of 1st period - Connor McDavid wins face-off versus Vladimir Tarasenko in neutral zone.
9:19 of 1st period - Snap shot by Nikita Kucherov.
9:19 of 1st period - Deflect By Ryan Ellis.
9:19 of 1st period - Shot Misses the Net.
9:19 of 1st period - Puck is out of play.
9:20 of 1st period - Brayden Schenn wins face-off versus Connor McDavid in Islanders zone.
9:20 of 1st period - Brayden Schenn is hit by Darnell Nurse.
9:40 of 1st period - Nikita Kucherov is hit by Ryan Ellis and loses puck.
9:57 of 1st period - Backhand shot by Connor McDavid.
9:57 of 1st period - Shot Blocked by Brock McGinn.
10:34 of 1st period - Icing by Brady Skjei.
10:35 of 1st period - Brayden Schenn wins face-off versus Tyler Johnson in Islanders zone.
10:44 of 1st period - Snap shot by Mitch Marner.
10:44 of 1st period - Stopped by Tyler Weiman with a rebound.
10:46 of 1st period - Slapshot by Marcus Pettersson.
10:46 of 1st period - Deflect By Mitch Marner.
10:46 of 1st period - Stopped by Tyler Weiman without a rebound.
10:47 of 1st period - Brandon Sutter wins face-off versus Tyler Johnson in Islanders zone.
11:16 of 1st period - Snap shot by Michael Latta.
11:16 of 1st period - Stopped by Jaroslav Halak without a rebound.
11:17 of 1st period - Andrew Mangiapane wins face-off versus Michael Latta in Oilers zone.
11:37 of 1st period - Snap shot by Garnet Hathaway.
11:37 of 1st period - Shot Blocked by Frederik Gauthier.
11:39 of 1st period - Slapshot by Gabriel Carlsson.
11:39 of 1st period - Stopped by Jaroslav Halak without a rebound.
11:40 of 1st period - Brandon Sutter wins face-off versus Tyler Johnson in Oilers zone.
12:10 of 1st period - Minor Penalty to Brayden Schenn for Hooking.
12:11 of 1st period - Vladimir Tarasenko wins face-off versus Connor McDavid in Islanders zone.
12:37 of 1st period - Tyler Johnson is hit by Brady Skjei and loses puck.
12:48 of 1st period - Wrist shot by Mitch Marner.
12:48 of 1st period - Stopped by Tyler Weiman without a rebound.
12:49 of 1st period - Vladimir Tarasenko wins face-off versus Connor McDavid in Islanders zone.
13:06 of 1st period - Snap shot by Leon Draisaitl.
13:06 of 1st period - Shot Misses the Net.
13:16 of 1st period - Nikita Kucherov is hit by Yann Sauvé.
14:10 of 1st period - Penalty to Brayden Schenn is over, Brayden Schenn is back on ice.
14:24 of 1st period - Sergei Plotnikov is hit by Anton Slepyshev and loses puck.
14:31 of 1st period - Snap shot by Frederik Gauthier.
14:31 of 1st period - Stopped by Tyler Weiman with a rebound.
14:41 of 1st period - Christian Fischer is hit by Jordan Greenway and loses puck.
14:59 of 1st period - Icing by Nikita Zadorov.
15:00 of 1st period - Tyler Johnson wins face-off versus Brandon Sutter in Islanders zone.
15:13 of 1st period - Emerson Etem is hit by Darnell Nurse.
15:31 of 1st period - Snap shot by Frederik Gauthier.
15:31 of 1st period - Shot Misses the Net.
15:33 of 1st period - Slapshot by Brett Lernout.
15:33 of 1st period - Shot Blocked by Nikita Zadorov.
15:35 of 1st period - Snap shot by Brent Burns.
15:35 of 1st period - Shot Blocked by Yann Sauvé.
15:37 of 1st period - Snap shot by Andrew Mangiapane.
15:37 of 1st period - Stopped by Tyler Weiman without a rebound.
15:38 of 1st period - Connor McDavid wins face-off versus Sergei Plotnikov in Islanders zone.
16:30 of 1st period - Andrew Mangiapane is hit by Brady Skjei and loses puck.
17:30 of 1st period - Snap shot by Vladimir Tarasenko.
17:30 of 1st period - Shot Blocked by Jamie McBain.
17:32 of 1st period - Snap shot by Vladimir Tarasenko.
17:32 of 1st period - Shot Misses the Net.
17:59 of 1st period - Slapshot by Christian Fischer.
17:59 of 1st period - Shot Blocked by Ryan Ellis.
18:21 of 1st period - Snap shot by Jason Robertson.
18:21 of 1st period - Stopped by Tyler Weiman without a rebound.
18:22 of 1st period - Connor McDavid wins face-off versus Brandon Sutter in Islanders zone.
18:26 of 1st period - Minor Penalty to Brandon Sutter for Holding.
18:27 of 1st period - Garnet Hathaway wins face-off versus Connor McDavid in Islanders zone.
18:58 of 1st period - Nikita Zadorov is hit by Jamie Benn and loses puck.
Goals for this period are 0 for Oilers vs 1 for Islanders.
Shots for this period are 12 for Oilers vs 5 for Islanders.
2nd period
0:01 of 2nd period - Vladimir Tarasenko wins face-off versus Connor McDavid in neutral zone.
0:06 of 2nd period - Wrist shot by Vladimir Tarasenko.
0:06 of 2nd period - Stopped by Jaroslav Halak with a rebound.
0:26 of 2nd period - Penalty to Brandon Sutter is over, Brandon Sutter is back on ice.
0:33 of 2nd period - Wrist shot by Jamie Benn.
0:33 of 2nd period - Goal by Jamie Benn - Oilers : 1 - Islanders : 1.
0:34 of 2nd period - Brandon Sutter wins face-off versus Connor McDavid in neutral zone.
1:01 of 2nd period - Jamie Benn is hit by Brayden Schenn and loses puck.
1:33 of 2nd period - Slapshot by Michael Latta.
1:33 of 2nd period - Stopped by Jaroslav Halak with a rebound.
1:35 of 2nd period - Snap shot by Sergei Plotnikov.
1:35 of 2nd period - Shot Blocked by Jamie McBain.
2:50 of 2nd period - Noel Acciari is hit by Brandon Sutter.
3:22 of 2nd period - Snap shot by Jordan Greenway.
3:22 of 2nd period - Shot Misses the Net.
3:34 of 2nd period - Slapshot by Brent Burns.
3:34 of 2nd period - Shot Misses the Net.
3:36 of 2nd period - Wrist shot by Connor McDavid.
3:36 of 2nd period - Shot Misses the Net.
3:38 of 2nd period - Snap shot by Connor McDavid.
3:38 of 2nd period - Goal by Connor McDavid - Oilers : 2 - Islanders : 1.
3:39 of 2nd period - Leon Draisaitl wins face-off versus Brandon Sutter in neutral zone.
3:46 of 2nd period - Snap shot by Nikita Kucherov.
3:46 of 2nd period - Shot Misses the Net.
4:06 of 2nd period - Ryan Ellis is hit by Anton Slepyshev and loses puck.
4:13 of 2nd period - Slapshot by Marcus Pettersson.
4:13 of 2nd period - Shot Blocked by Ryan Ellis.
4:23 of 2nd period - Slapshot by Brady Skjei.
4:23 of 2nd period - Shot Misses the Net.
4:25 of 2nd period - Snap shot by Brady Skjei.
4:25 of 2nd period - Stopped by Jaroslav Halak with a rebound.
5:19 of 2nd period - Slapshot by Brady Skjei.
5:19 of 2nd period - Deflect By Brent Seabrook.
5:19 of 2nd period - Stopped by Jaroslav Halak with a rebound.
5:21 of 2nd period - Snap shot by Emerson Etem.
5:21 of 2nd period - Shot Misses the Net.
5:23 of 2nd period - Slapshot by Brandon Sutter.
5:23 of 2nd period - Stopped by Jaroslav Halak without a rebound.
5:24 of 2nd period - Brayden Schenn wins face-off versus Connor McDavid in Oilers zone.
5:29 of 2nd period - Slapshot by Brock McGinn.
5:29 of 2nd period - Deflect By Vladimir Tarasenko.
5:29 of 2nd period - Stopped by Jaroslav Halak without a rebound.
5:30 of 2nd period - Brayden Schenn wins face-off versus Connor McDavid in Oilers zone.
5:57 of 2nd period - Snap shot by Mitch Marner.
5:57 of 2nd period - Stopped by Tyler Weiman without a rebound.
5:58 of 2nd period - Michael Latta wins face-off versus Tyler Johnson in Islanders zone.
6:00 of 2nd period - Icing by Garnet Hathaway.
6:01 of 2nd period - Jamie Benn wins face-off versus Michael Latta in Islanders zone.
6:02 of 2nd period - Wrist shot by Mitch Marner.
6:02 of 2nd period - Deflect By Jamie Benn.
6:02 of 2nd period - Stopped by Tyler Weiman with a rebound.
6:10 of 2nd period - Slapshot by Tyler Johnson.
6:10 of 2nd period - Stopped by Tyler Weiman without a rebound.
6:11 of 2nd period - Brayden Schenn wins face-off versus Tyler Johnson in Islanders zone.
6:26 of 2nd period - Snap shot by Vladimir Tarasenko.
6:26 of 2nd period - Stopped by Jaroslav Halak without a rebound.
6:27 of 2nd period - Michael Latta wins face-off versus Leon Draisaitl in Oilers zone.
6:54 of 2nd period - Ryan Ellis is hit by Anton Slepyshev and loses puck.
7:12 of 2nd period - Marcus Pettersson is hit by Sergei Plotnikov and loses puck.
7:35 of 2nd period - Wrist shot by Frederik Gauthier.
7:35 of 2nd period - Deflect By Andrew Mangiapane.
7:35 of 2nd period - Shot Misses the Net.
7:35 of 2nd period - Puck is out of play.
7:36 of 2nd period - Brayden Schenn wins face-off versus Connor McDavid in Islanders zone.
7:49 of 2nd period - Wrist shot by Vladimir Tarasenko.
7:49 of 2nd period - Stopped by Jaroslav Halak with a rebound.
7:54 of 2nd period - Off-side.
7:55 of 2nd period - Tyler Johnson wins face-off versus Brandon Sutter in neutral zone.
8:50 of 2nd period - Wrist shot by Brian Ferlin.
8:50 of 2nd period - Stopped by Jaroslav Halak without a rebound.
8:51 of 2nd period - Tyler Johnson wins face-off versus Jamie Arniel in Oilers zone.
9:00 of 2nd period - Slapshot by Mitch Marner.
9:00 of 2nd period - Stopped by Tyler Weiman with a rebound.
9:09 of 2nd period - Minor Penalty to Brian Ferlin for Roughing.
9:10 of 2nd period - Vladimir Tarasenko wins face-off versus Connor McDavid in Islanders zone.
9:22 of 2nd period - Wrist shot by Nikita Kucherov.
9:22 of 2nd period - Stopped by Tyler Weiman without a rebound.
9:23 of 2nd period - Connor McDavid wins face-off versus Vladimir Tarasenko in Islanders zone.
9:50 of 2nd period - Jamie McBain is hit by Ryan Ellis and loses puck.
9:55 of 2nd period - Slapshot by Brock McGinn.
9:55 of 2nd period - Stopped by Jaroslav Halak with a rebound.
10:01 of 2nd period - Wrist shot by Darnell Nurse.
10:01 of 2nd period - Stopped by Tyler Weiman with a rebound.
10:10 of 2nd period - Off-side.
10:11 of 2nd period - Vladimir Tarasenko wins face-off versus Connor McDavid in neutral zone.
10:29 of 2nd period - Icing by Marcus Pettersson.
10:30 of 2nd period - Vladimir Tarasenko wins face-off versus Connor McDavid in Oilers zone.
11:09 of 2nd period - Penalty to Brian Ferlin is over, Brian Ferlin is back on ice.
12:33 of 2nd period - Wrist shot by Nikita Kucherov.
12:33 of 2nd period - Shot Misses the Net.
13:05 of 2nd period - Connor McDavid is hit by Dylan McIlrath and loses puck.
13:09 of 2nd period - Icing by Connor McDavid.
13:10 of 2nd period - Brayden Schenn wins face-off versus Connor McDavid in Oilers zone.
14:52 of 2nd period - Wrist shot by Michael Latta.
14:52 of 2nd period - Deflect By Garnet Hathaway.
14:52 of 2nd period - Goal by Garnet Hathaway - Oilers : 2 - Islanders : 2.
14:53 of 2nd period - Brayden Schenn wins face-off versus Tyler Johnson in neutral zone.
15:20 of 2nd period - Andrew Mangiapane is hit by Brandon Sutter and loses puck.
15:46 of 2nd period - Off-side.
15:47 of 2nd period - Jamie Benn wins face-off versus Brayden Schenn in neutral zone.
15:59 of 2nd period - Minor Penalty to Brayden Schenn for Boarding.
16:00 of 2nd period - Tyler Johnson wins face-off versus Vladimir Tarasenko in Islanders zone.
16:02 of 2nd period - Wrist shot by Jamie Benn.
16:02 of 2nd period - Shot Misses the Net.
16:14 of 2nd period - Slapshot by Jamie Benn.
16:14 of 2nd period - Shot Misses the Net.
17:50 of 2nd period - Frederik Gauthier is hit by Brady Skjei and loses puck.
17:57 of 2nd period - Ryan Ellis is hit by Marcus Pettersson.
17:59 of 2nd period - Penalty to Brayden Schenn is over, Brayden Schenn is back on ice.
18:01 of 2nd period - Slapshot by Brady Skjei.
18:01 of 2nd period - Stopped by Jaroslav Halak without a rebound.
18:02 of 2nd period - Noel Acciari wins face-off versus Jamie Arniel in Oilers zone.
18:07 of 2nd period - Slapshot by Brent Seabrook.
18:07 of 2nd period - Shot Blocked by Jamie Arniel.
18:09 of 2nd period - Slapshot by Noel Acciari.
18:09 of 2nd period - Stopped by Tyler Weiman without a rebound.
18:10 of 2nd period - Tyler Johnson wins face-off versus Jamie Arniel in Islanders zone.
18:13 of 2nd period - Slapshot by Jamie Benn.
18:13 of 2nd period - Stopped by Tyler Weiman with a rebound.
18:15 of 2nd period - Wrist shot by Jamie Benn.
18:15 of 2nd period - Stopped by Tyler Weiman with a rebound.
18:17 of 2nd period - Snap shot by Brent Burns.
18:17 of 2nd period - Stopped by Tyler Weiman with a rebound.
18:19 of 2nd period - Snap shot by Mitch Marner.
18:19 of 2nd period - Shot Misses the Net.
18:21 of 2nd period - Wrist shot by Tyler Johnson.
18:21 of 2nd period - Shot Misses the Net.
18:23 of 2nd period - Slapshot by Tyler Johnson.
18:23 of 2nd period - Stopped by Tyler Weiman without a rebound.
18:24 of 2nd period - Brayden Schenn wins face-off versus Tyler Johnson in Islanders zone.
18:33 of 2nd period - Snap shot by Vladimir Tarasenko.
18:33 of 2nd period - Shot Blocked by Jamie McBain.
18:35 of 2nd period - Snap shot by Brock McGinn.
18:35 of 2nd period - Stopped by Jaroslav Halak without a rebound.
18:36 of 2nd period - Tyler Johnson wins face-off versus Brayden Schenn in Oilers zone.
18:43 of 2nd period - Slapshot by Darnell Nurse.
18:43 of 2nd period - Stopped by Tyler Weiman without a rebound.
18:44 of 2nd period - Tyler Johnson wins face-off versus Brayden Schenn in Islanders zone.
18:53 of 2nd period - Wrist shot by Jamie Benn.
18:53 of 2nd period - Shot Misses the Net.
18:55 of 2nd period - Slapshot by Darnell Nurse.
18:55 of 2nd period - Stopped by Tyler Weiman without a rebound.
18:56 of 2nd period - Brayden Schenn wins face-off versus Tyler Johnson in Islanders zone.
19:19 of 2nd period - Minor Penalty to Brock McGinn for High sticking.
19:20 of 2nd period - Connor McDavid wins face-off versus Vladimir Tarasenko in Islanders zone.
Goals for this period are 2 for Oilers vs 1 for Islanders.
Shots for this period are 15 for Oilers vs 13 for Islanders.
3rd period
0:01 of 3rd period - Connor McDavid wins face-off versus Vladimir Tarasenko in neutral zone.
0:04 of 3rd period - Brayden Schenn is hit by Nikita Kucherov and loses puck.
0:27 of 3rd period - Jamie McBain is hit by Brady Skjei and loses puck.
1:17 of 3rd period - Darnell Nurse is hit by Nikita Zadorov and loses puck.
1:19 of 3rd period - Penalty to Brock McGinn is over, Brock McGinn is back on ice.
1:32 of 3rd period - Snap shot by Jordan Greenway.
1:32 of 3rd period - Shot Misses the Net.
2:08 of 3rd period - Noel Acciari is hit by Vladimir Tarasenko and loses puck.
2:19 of 3rd period - Wrist shot by Christian Fischer.
2:19 of 3rd period - Stopped by Tyler Weiman without a rebound.
2:20 of 3rd period - Brandon Sutter wins face-off versus Connor McDavid in Islanders zone.
2:45 of 3rd period - Marcus Pettersson is hit by Sergei Plotnikov.
3:12 of 3rd period - Anton Slepyshev is hit by Brock McGinn.
3:22 of 3rd period - Snap shot by Anton Slepyshev.
3:22 of 3rd period - Deflect By Frederik Gauthier.
3:22 of 3rd period - Stopped by Tyler Weiman without a rebound.
3:23 of 3rd period - Brandon Sutter wins face-off versus Connor McDavid in Islanders zone.
3:27 of 3rd period - Off-side.
3:28 of 3rd period - Nikita Kucherov wins face-off versus Brandon Sutter in neutral zone.
3:31 of 3rd period - Snap shot by Leon Draisaitl.
3:31 of 3rd period - Stopped by Tyler Weiman without a rebound.
3:32 of 3rd period - Connor McDavid wins face-off versus Brandon Sutter in Islanders zone.
3:33 of 3rd period - Wrist shot by Nikita Kucherov.
3:33 of 3rd period - Deflect By Connor McDavid.
3:33 of 3rd period - Stopped by Tyler Weiman without a rebound.
3:34 of 3rd period - Brayden Schenn wins face-off versus Tyler Johnson in Islanders zone.
4:07 of 3rd period - Wrist shot by Brock McGinn.
4:07 of 3rd period - Shot Misses the Net.
4:19 of 3rd period - Ryan Ellis is hit by Jamie McBain and loses puck.
4:36 of 3rd period - Snap shot by Connor McDavid.
4:36 of 3rd period - Shot Misses the Net.
4:54 of 3rd period - Wrist shot by Brandon Sutter.
4:54 of 3rd period - Shot Misses the Net.
5:00 of 3rd period - Wrist shot by Jamie McBain.
5:00 of 3rd period - Stopped by Tyler Weiman with a rebound.
5:15 of 3rd period - Icing by Brady Skjei.
5:16 of 3rd period - Tyler Johnson wins face-off versus Emerson Etem in Islanders zone.
5:29 of 3rd period - Slapshot by Brady Skjei.
5:29 of 3rd period - Stopped by Jaroslav Halak with a rebound.
5:31 of 3rd period - Backhand shot by Brandon Sutter.
5:31 of 3rd period - Deflect By Emerson Etem.
5:31 of 3rd period - Stopped by Jaroslav Halak with a rebound.
5:33 of 3rd period - Snap shot by Brandon Sutter.
5:33 of 3rd period - Stopped by Jaroslav Halak with a rebound.
5:37 of 3rd period - Wrist shot by Emerson Etem.
5:37 of 3rd period - Shot Blocked by Jamie Benn.
6:03 of 3rd period - Mitch Marner is hit by Brandon Sutter and loses puck.
6:22 of 3rd period - Brandon Sutter is hit by Marcus Pettersson and loses puck.
6:31 of 3rd period - Snap shot by Ryan Ellis.
6:31 of 3rd period - Stopped by Jaroslav Halak with a rebound.
6:41 of 3rd period - Snap shot by Jason Akeson.
6:41 of 3rd period - Shot Blocked by Marcus Pettersson.
7:32 of 3rd period - Wrist shot by Jason Akeson.
7:32 of 3rd period - Stopped by Jaroslav Halak without a rebound.
7:33 of 3rd period - Connor McDavid wins face-off versus Brock McGinn in Oilers zone.
7:33 of 3rd period - Connor McDavid is hit by Nikita Zadorov.
7:46 of 3rd period - Nikita Kucherov is hit by Brock McGinn and loses puck.
8:39 of 3rd period - Icing by Brian Ferlin.
8:40 of 3rd period - Connor McDavid wins face-off versus Vladimir Tarasenko in Islanders zone.
9:08 of 3rd period - Minor Penalty to Yann Sauvé for Tripping.
9:09 of 3rd period - Vladimir Tarasenko wins face-off versus Connor McDavid in Islanders zone.
9:22 of 3rd period - Snap shot by Leon Draisaitl.
9:22 of 3rd period - Goal by Leon Draisaitl - Oilers : 3 - Islanders : 2.
9:23 of 3rd period - Connor McDavid wins face-off versus Brock McGinn in neutral zone.
9:30 of 3rd period - Wrist shot by Connor McDavid.
9:30 of 3rd period - Stopped by Tyler Weiman with a rebound.
9:32 of 3rd period - Slapshot by Darnell Nurse.
9:32 of 3rd period - Shot Blocked by Nikita Zadorov.
9:46 of 3rd period - Minor Penalty to Brock McGinn for Holding Stick.
9:47 of 3rd period - Connor McDavid wins face-off versus Vladimir Tarasenko in Islanders zone.
9:48 of 3rd period - Snap shot by Leon Draisaitl.
9:48 of 3rd period - Shot Misses the Net.
9:50 of 3rd period - Wrist shot by Connor McDavid.
9:50 of 3rd period - Shot Misses the Net.
9:52 of 3rd period - Snap shot by Jamie McBain.
9:52 of 3rd period - Shot Blocked by Brady Skjei.
9:54 of 3rd period - Wrist shot by Leon Draisaitl.
9:54 of 3rd period - Shot Misses the Net.
10:22 of 3rd period - Snap shot by Mitch Marner.
10:22 of 3rd period - Goal by Mitch Marner - Oilers : 4 - Islanders : 2.
10:23 of 3rd period - Brayden Schenn wins face-off versus Connor McDavid in neutral zone.
10:35 of 3rd period - Snap shot by Brayden Schenn.
10:35 of 3rd period - Stopped by Jaroslav Halak with a rebound.
10:37 of 3rd period - Wrist shot by Brayden Schenn.
10:37 of 3rd period - Goal by Brayden Schenn - Oilers : 4 - Islanders : 3.
10:38 of 3rd period - Brayden Schenn wins face-off versus Connor McDavid in neutral zone.
10:55 of 3rd period - Snap shot by Vladimir Tarasenko.
10:55 of 3rd period - Stopped by Jaroslav Halak with a rebound.
11:32 of 3rd period - Slapshot by Yann Sauvé.
11:32 of 3rd period - Shot Blocked by Marcus Pettersson.
12:10 of 3rd period - Snap shot by Anton Slepyshev.
12:10 of 3rd period - Stopped by Tyler Weiman with a rebound.
12:12 of 3rd period - Snap shot by Brent Seabrook.
12:12 of 3rd period - Shot Blocked by Ryan Ellis.
12:14 of 3rd period - Wrist shot by Frederik Gauthier.
12:14 of 3rd period - Shot Blocked by Brady Skjei.
12:16 of 3rd period - Slapshot by Andrew Mangiapane.
12:16 of 3rd period - Shot Misses the Net.
12:20 of 3rd period - Wrist shot by Anton Slepyshev.
12:20 of 3rd period - Stopped by Tyler Weiman with a rebound.
12:22 of 3rd period - Slapshot by Anton Slepyshev.
12:22 of 3rd period - Stopped by Tyler Weiman without a rebound.
12:23 of 3rd period - Connor McDavid wins face-off versus Brayden Schenn in Islanders zone.
12:24 of 3rd period - Wrist shot by Leon Draisaitl.
12:24 of 3rd period - Shot Misses the Net.
12:26 of 3rd period - Snap shot by Leon Draisaitl.
12:26 of 3rd period - Shot Misses the Net.
12:28 of 3rd period - Slapshot by Jamie McBain.
12:28 of 3rd period - Stopped by Tyler Weiman without a rebound.
12:29 of 3rd period - Connor McDavid wins face-off versus Brayden Schenn in Islanders zone.
12:42 of 3rd period - Snap shot by Leon Draisaitl.
12:42 of 3rd period - Stopped by Tyler Weiman without a rebound.
12:43 of 3rd period - Brayden Schenn wins face-off versus Connor McDavid in Islanders zone.
13:10 of 3rd period - Tyler Johnson is hit by Michael Latta.
13:16 of 3rd period - Wrist shot by Michael Latta.
13:16 of 3rd period - Stopped by Jaroslav Halak with a rebound.
13:22 of 3rd period - Wrist shot by Michael Latta.
13:22 of 3rd period - Stopped by Jaroslav Halak with a rebound.
13:24 of 3rd period - Slapshot by Ryan Ellis.
13:24 of 3rd period - Stopped by Jaroslav Halak with a rebound.
13:44 of 3rd period - Snap shot by Frederik Gauthier.
13:44 of 3rd period - Shot Misses the Net.
13:46 of 3rd period - Slapshot by Jamie McBain.
13:46 of 3rd period - Shot Blocked by Emerson Etem.
13:48 of 3rd period - Slapshot by Darnell Nurse.
13:48 of 3rd period - Shot Misses the Net.
15:59 of 3rd period - Minor Penalty to Michael Latta for Interference.
16:00 of 3rd period - Vladimir Tarasenko wins face-off versus Tyler Johnson in Islanders zone.
16:07 of 3rd period - Snap shot by Brayden Schenn.
16:07 of 3rd period - Shot Blocked by Jamie Benn.
16:13 of 3rd period - Wrist shot by Jamie Benn.
16:13 of 3rd period - Stopped by Tyler Weiman with a rebound.
16:54 of 3rd period - Brayden Schenn is hit by Nikita Kucherov and loses puck.
17:05 of 3rd period - Vladimir Tarasenko is hit by Jamie Benn and loses puck.
17:41 of 3rd period - Nikita Zadorov is hit by Marcus Pettersson and loses puck.
17:59 of 3rd period - Penalty to Michael Latta is over, Michael Latta is back on ice.
18:10 of 3rd period - Andrew Mangiapane is hit by Garnet Hathaway and loses puck.
18:49 of 3rd period - Islanders, Tyler Weiman is pulled from the net.
19:05 of 3rd period - Snap shot by Vladimir Tarasenko.
19:05 of 3rd period - Deflect By Brayden Schenn.
19:05 of 3rd period - Stopped by Jaroslav Halak with a rebound.
19:07 of 3rd period - Snap shot by Vladimir Tarasenko.
19:07 of 3rd period - Goal by Vladimir Tarasenko - Oilers : 4 - Islanders : 4.
19:07 of 3rd period - Tyler Weiman from Islanders was sent back in the game.
19:08 of 3rd period - Frederik Gauthier wins face-off versus Michael Latta in neutral zone.
19:19 of 3rd period - Slapshot by Brady Skjei.
19:19 of 3rd period - Stopped by Jaroslav Halak without a rebound.
19:20 of 3rd period - Frederik Gauthier wins face-off versus Michael Latta in Oilers zone.
19:20 of 3rd period - Frederik Gauthier is hit by Ryan Ellis.
19:50 of 3rd period - Wrist shot by Brady Skjei.
19:50 of 3rd period - Stopped by Jaroslav Halak with a rebound.
Goals for this period are 2 for Oilers vs 2 for Islanders.
Shots for this period are 14 for Oilers vs 15 for Islanders.
Overtime #1
0:01 of 1st overtime period - Brayden Schenn wins face-off versus Connor McDavid in neutral zone.
0:30 of 1st overtime period - Off-side.
0:31 of 1st overtime period - Leon Draisaitl wins face-off versus Brayden Schenn in neutral zone.
0:33 of 1st overtime period - Off-side.
0:34 of 1st overtime period - Brayden Schenn wins face-off versus Connor McDavid in neutral zone.
2:16 of 1st overtime period - Off-side.
2:17 of 1st overtime period - Mitch Marner wins face-off versus Brayden Schenn in neutral zone.
3:02 of 1st overtime period - Backhand shot by Vladimir Tarasenko.
3:02 of 1st overtime period - Shot Misses the Net.
3:38 of 1st overtime period - Icing by Nikita Kucherov.
3:39 of 1st overtime period - Brandon Sutter wins face-off versus Leon Draisaitl in Oilers zone.
3:42 of 1st overtime period - Slapshot by Brock McGinn.
3:42 of 1st overtime period - Stopped by Jaroslav Halak with a rebound.
4:52 of 1st overtime period - Jason Akeson is hit by Leon Draisaitl and loses puck.
4:59 of 1st overtime period - Tyler Johnson is hit by Michael Latta and loses puck.
Goals for this period are 0 for Oilers vs 0 for Islanders.
Shots for this period are 0 for Oilers vs 1 for Islanders.
ShootOut
5:00 of 1st overtime period - Round #1.
5:00 of 1st overtime period - Oilers, Connor McDavid.
5:00 of 1st overtime period - Backhand shot by Connor McDavid.
5:00 of 1st overtime period - Stopped by Tyler Weiman.
5:00 of 1st overtime period - Islanders, Vladimir Tarasenko.
5:00 of 1st overtime period - Backhand shot by Vladimir Tarasenko.
5:00 of 1st overtime period - Stopped by Jaroslav Halak.
5:00 of 1st overtime period - Round #2.
5:00 of 1st overtime period - Oilers, Nikita Kucherov.
5:00 of 1st overtime period - Wrist shot by Nikita Kucherov.
5:00 of 1st overtime period - Goal by Nikita Kucherov.
5:00 of 1st overtime period - Islanders, Brayden Schenn.
5:00 of 1st overtime period - Backhand shot by Brayden Schenn.
5:00 of 1st overtime period - Stopped by Jaroslav Halak.
5:00 of 1st overtime period - Round #3.
5:00 of 1st overtime period - Oilers, Tyler Johnson.
5:00 of 1st overtime period - Backhand shot by Tyler Johnson.
5:00 of 1st overtime period - Goal by Tyler Johnson.